 Dungeon Crawl Stone Soup version 0.31.0-9-g3a7656b989 (webtiles) character file.

Game seed: 4612045064814475422

128 qw the Skirmisher (level 4, 0/25 HPs)
             Began as a Deep Elf Hunter on Feb 2, 2024.
             Incinerated by a bombardier beetle (2 damage)
             ... with a burning spray
             ... on level 3 of the Dungeon.
             The game lasted 00:00:06 (1559 turns).

qw the Skirmisher (Deep Elf Hunter)                 Turns: 1559, Time: 00:00:07

Health: 0/25       AC:  8    Str: 10    XL:     4   Next: 87%
Magic:  6/6        EV: 11    Int: 14    God:
Gold:   74         SH:  0    Dex: 18    Spells: 3/3 levels left

rFire   . . .        a - +0 shortbow
rCold   . . .        (shield currently unavailable)
rNeg    . . .        e - +0 ring mail
rPois   .            (no helmet)
rElec   .            (no cloak)
rCorr   .            (no gloves)
SInv    +            d - +2 pair of boots
Will    .....        (no amulet)
Stlth   +            i - ring of see invisible
HPRegen 0.24/turn    (no ring)
MPRegen 0.10/turn

%: no passive effects
@: on fire, glowing
A: no striking features
a: no special abilities


You were on level 3 of the Dungeon.
You visited 1 branch of the dungeon, and saw 3 of its levels.

You collected 74 gold pieces.


   Skills:
 - Level 1.5 Fighting
 + Level 8.3 Ranged Weapons
 - Level 2.4 Dodging
 - Level 1.2 Stealth


You had 3 spell levels left.
You didn't know any spells.
Your spell library was empty.

Inventory:

Hand Weapons
 a - a +0 shortbow (weapon)
Armour
 d - a +2 pair of boots (worn)
 e - a +0 ring mail (worn)
Jewellery
 i - a ring of see invisible (left hand)
Potions
 b - a potion of curing {unknown}
 c - a potion of lignification {unknown}
 f - a potion of cancellation {unknown}
 h - a potion of magic {unknown}
 j - a potion of might {unknown}
 k - a potion of heal wounds {unknown}

Dungeon Overview and Level Annotations

Branches:
Dungeon (3/15)

Altars:


Message History

You shoot an arrow. The arrow hits the orc.
The orc is severely wounded.
You shoot an arrow. The arrow hits the orc.
You kill the orc!
A bat comes into view.
You shoot an arrow. The arrow hits the bat.
You kill the bat!
f - a sedimented amethyst potion A bombardier beetle comes into view.
You shoot an arrow. The arrow hits the bombardier beetle.
The bombardier beetle is moderately wounded.
You shoot an arrow.
The arrow hits the bombardier beetle but does no damage.
The bombardier beetle is moderately wounded.
You shoot an arrow.
The arrow closely misses the bombardier beetle.
You shoot an arrow.
The arrow barely misses the bombardier beetle.
You shoot an arrow. The arrow hits the bombardier beetle!
The bombardier beetle is almost dead.
The bombardier beetle sprays incendiary fluid at you.
The burning spray hits you.
You are covered in liquid fire!
You shoot an arrow. The arrow hits the bombardier beetle.
You kill the bombardier beetle!
The liquid fire burns you!
Your Ranged Weapons skill increases to level 8!
You are on fire!
The liquid fire burns you!
You are on fire!
The liquid fire burns you!
You are on fire!
The liquid fire burns you!
You are on fire!
The liquid fire burns you!
You are on fire!
The liquid fire burns you!
You are on fire!
The liquid fire burns you!
You die...

####### ### #.....#
##.# #.###.###..#
.##...#...)..#
..<.#.#...#.##
..#.....#...#
..###.....######## .#
#............#####.. #
#.[...........@.......
#.###.................
........).............
..#............%.####
##...........)##..#
#.#..........# ....
#.#..........# .####
........#


There were no monsters in sight!

Vanquished Creatures
  A bombardier beetle (D:3)
  3 gnolls (D:2)
  An adder (D:2)
  A dart slug (D:2)
  A ribbon worm (D:2)
  2 orcs
  4 ball pythons
  6 endoplasms
  4 giant cockroaches
  A goblin (D:2)
  5 hobgoblins
  4 jackals (D:2)
  3 kobolds
  5 quokkas
  4 bats
  3 frilled lizards
  6 rats
54 creatures vanquished.

Notes
Turn   | Place    | Note
-------+----------+-------------------------------------------
     0 | D:1      | qw the Deep Elf Hunter began the quest for the Orb.
     0 | D:1      | Reached XP level 1. HP: 12/12 MP: 3/3
     0 | D:1      | 0 ||| qw: Version: 0.3-a-155-g5e7d8dd
     0 | D:1      | 0 ||| qw: Game counter: 2615
     0 | D:1      | 0 ||| qw: Melee chars always use a shield: true
     0 | D:1      | 0 ||| qw: God list: Okawaru
     0 | D:1      | 0 ||| qw: Allow faded altars: false
     0 | D:1      | 0 ||| qw: Do Orc after clearing Dungeon:15 true
     0 | D:1      | 0 ||| qw: Do second Lair branch before Depths: true
     0 | D:1      | 0 ||| qw: Lair rune preference: random
     0 | D:1      | 0 ||| qw: Goals: Normal
     0 | D:1      | 0 ||| PLANNING D:1-11
   344 | D:1      | Reached XP level 2. HP: 16/16 MP: 4/4
   409 | D:1      | Reached skill level 6 in Ranged Weapons
   844 | D:1      | 844 ||| UPGRADING to +2 pair of boots.
   849 | D:1      | 849 ||| UPGRADING to +0 ring mail.
   859 | D:1      | 859 ||| DROPPING +0 leather armour.
   860 | D:1      | 860 ||| DROPPING amulet of magic regeneration.
   861 | D:1      | 861 ||| UPGRADING to ring of see invisible.
   862 | D:1      | 862 ||| READING scroll labelled SYIMOS FONLICY.
   863 | D:1      | 863 ||| READING scroll labelled ROTWUPSUGIPP.
   892 | D:1      | 892 ||| DROPPING scroll of butterflies.
   948 | D:2      | 948 ||| STAIRDANCE
   956 | D:2      | 956 ||| STAIRDANCE
   970 | D:2      | Reached XP level 3. HP: 19/20 MP: 5/5
  1152 | D:2      | Reached skill level 7 in Ranged Weapons
  1281 | D:2      | 1281 ||| RETREEEEATING.
  1285 | D:2      | 1285 ||| RETREEEEATING.
  1290 | D:2      | Reached XP level 4. HP: 25/25 MP: 6/6
  1502 | D:2      | 1502 ||| READING scroll labelled YLUEH DOFFEGOHOXO.
  1503 | D:2      | 1503 ||| READING scroll labelled XESAXEGOSSE.
  1554 | D:3      | Reached skill level 8 in Ranged Weapons
  1557 | D:3      | HP: 5/25 [burnt (3)]
  1558 | D:3      | HP: 2/25 [burnt (3)]
  1559 | D:3      | Incinerated by a bombardier beetle

Levels and vault maps discovered:
D:1:      dpeg_arrival_round_b, layout_loops_corners, minmay_heptomino_o4
D:2:      layout_rooms, minmay_fractal_squares_gapless_5
D:3:      layout_rooms, corexii_item_surrounded_by_moat

Skill      XL: |  1  2  3  4 |
---------------+-------------+-----
Ranged Weapons | 6 7 8 |  8.3
Fighting       | |  1.5
Dodging        | |  2.4
Stealth        | |  1.2

Action                     |  1- 3 |  4- 6 || total
---------------------------+-------+-------++-------
   Fire: Shortbow          |   136 |    35 ||   171
    Use: Scroll            |     2 |     2 ||     4
 Armour: Leather armour    |    14 |       ||    14
         Ring mail         |    33 |     6 ||    39
  Dodge: Dodged            |    48 |     9 ||    57

Table legend:
 A = Non-vault XP
 B = Vault XP
 C = Vault XP percentage of total XP
 D = Non-vault monster count
 E = Vault monster count
 F = Vault count percentage of total count
                 A         B        C        D         E       F
            +---------+---------+-------+---------+---------+-------
      Total |     163 |      21 |  11.4 |      41 |      13 |  24.1
            +---------+---------+-------+---------+---------+-------
        D:1 |      26 |      12 |  31.6 |      15 |       8 |  34.8
        D:2 |      91 |       9 |   9.0 |      23 |       5 |  17.9
        D:3 |      46 |       0 |   0.0 |       3 |       0 |   0.0
            +---------+---------+-------+---------+---------+-------
